Map: Neon Violet Square LE

Players

SamuraiFunn - Winner!

  • Race: Protoss Protoss
  • League: Platinum
  • Spawn Location: 5:00

A.I. 1 (Very Hard)

  • Race: Protoss Protoss
  • Spawn Location: 11:00

VOD

Have the link to the VOD?

Description

Time

  • Played on: Nov. 28, 2017, 9:49 p.m.
  • Length: 18:39
Show
View Real Time Build Order
Export as new Build Order

SamuraiFunn Protoss - Winner!

Build Orders:  

Get SALT Encoding   

  12  0:04  Probe  
  13  0:16  Probe  
  14  0:24  Pylon  
  14  0:28  Probe  
  15  0:42  Probe  
  16  0:52  Gateway  
  16  0:54  Probe  
  17  1:07  Probe  
  17  1:08  Assimilator  
  18  1:13  Pylon  
  18  1:19  Probe  
  19  1:29  Gateway  
  19  1:31  Probe (Chrono Boost)  
  20  1:43  Probe (Chrono Boost)  
  20  1:46  Cybernetics Core  
  21  1:50  Probe  
  22  2:00  Zealot (Chrono Boost)  
  24  2:04  Assimilator  
  24  2:17  Zealot  
  26  2:25  Probe  
  26  2:26  Nexus  
  27  2:37  Probe  
  27  2:43  Stalker  
  30  2:51  Pylon  
  30  3:02  Probe  
  31  3:06  Assimilator  
  31  3:09  Stalker  
  31  3:11  Warp Gate (Chrono Boost)  
  33  3:16  Probe  
  34  3:28  Probe, Pylon  
  35  3:34  Forge  
  35  3:39  Probe  
  35  3:40  Probe  
  37  3:53  Probe, Twilight Council  
  37  3:54  Probe  
  39  3:58  Gateway  
  39  4:06  Probe (Chrono Boost)  
  41  4:12  Probe (Chrono Boost)  
  42  4:18  Probe (Chrono Boost)  
  42  4:22  Probe x2 (Chrono Boost)  
  44  4:24  Robotics Facility  
  44  4:30  Probe  
  45  4:32  Probe  
  46  4:40  Assimilator  
  46  4:42  Probe  
  46  4:44  Probe  
  48  4:53  Protoss Ground Weapons Level 1 (Chrono Boost)  
  48  4:54  Probe  
  48  4:56  Probe  
  50  5:05  Robotics Facility  
  50  5:07  Probe  
  50  5:11  Forge  
  51  5:14  Probe  
  51  5:19  Probe  
  51  5:20  Stalker  
  51  5:21  Stalker x2  
  59  5:28  Blink (Chrono Boost)  
  59  5:31  Observer  
  60  5:37  Probe x2  
  62  6:02  Nexus  
  62  6:05  Pylon  
  62  6:08  Pylon  
  62  6:23  Probe x2, Observer, Immortal  
  69  6:33  Protoss Shields Level 1  
  69  6:35  Probe x2  
  69  6:37  Gateway  
  69  6:39  Gateway  
  71  6:42  Pylon  
  71  6:44  Protoss Ground Armor Level 1  
  71  6:45  Pylon, Immortal  
  75  6:47  Probe x2  
  75  6:49  Pylon  
  77  6:59  Probe  
  77  7:00  Probe  
  79  7:08  Stalker x2  
  79  7:09  Stalker  
  85  7:19  Immortal  
  89  7:23  Assimilator  
  89  7:26  Assimilator  
  89  7:28  Immortal  
  93  7:31  Pylon  
  93  7:33  Probe x2  
  93  7:34  Probe  
  96  7:37  Pylon  
  96  7:41  Pylon  
  96  7:45  Probe  
  96  7:46  Probe x2  
  96  7:48  Stalker x2  
  96  7:49  Stalker  
  105  7:52  Charge  
  105  7:59  Immortal  
  109  8:07  Probe x3  
  112  8:13  Immortal  
  112  8:19  Probe x2, Stalker x3  
  124  8:20  Stalker  
  126  8:37  Warp Prism  
  126  8:39  Probe  
  129  8:41  Protoss Ground Weapons Level 2  
  129  8:42  Protoss Shields Level 2  
  129  8:53  Immortal  
  133  9:13  Immortal  
  136  9:56  Stalker x2  
  109  10:21  Stalker x3  
  109  10:22  Stalker x2  
  87  10:47  Stalker  
  87  10:48  Stalker x4  
  91  10:54  Immortal x2 (Chrono Boost)  
  89  11:13  Stalker x2  
  89  11:14  Stalker x2  
  94  11:23  Immortal x2  
  91  11:29  Stalker  
  93  11:41  Stalker x2  
  93  11:42  Stalker x2  
  101  11:53  Gateway  
  101  11:54  Gateway  
  101  11:55  Gateway  
  101  11:57  Gateway  
  101  11:58  Gateway  
  101  12:02  Immortal x2  
  101  12:04  Protoss Ground Weapons Level 3, Protoss Ground Armor Level 2  
  101  12:05  Robotics Facility  
  109  12:09  Stalker x3  
  109  12:10  Stalker x2  
  109  12:13  Robotics Facility  
  119  12:24  Pylon  
  119  12:36  Stalker x5  
  129  12:43  Nexus  
  129  12:46  Pylon  
  129  12:50  Pylon  
  129  12:52  Pylon  
  129  12:55  Assimilator  
  129  13:00  Nexus  
  129  13:01  Assimilator  
  129  13:02  Pylon  
  129  13:03  Stalker x3  
  129  13:04  Stalker x2  
  129  13:05  Pylon  
  139  13:08  Assimilator  
  139  13:11  Assimilator  
  139  13:30  Probe x3  
  142  13:42  Probe x3  
  142  13:43  Immortal x3  
  157  13:57  Robotics Bay  
  157  14:20  Protoss Shields Level 3  
  157  14:26  Immortal x4  
  173  14:37  Stalker  
  173  14:38  Stalker x4  
  181  14:40  Stalker  
  158  15:08  Stalker x5  
  158  15:09  Stalker x3  
  158  15:10  Stalker x2  
  148  15:34  Stalker x5  
  148  15:35  Stalker x2  
  136  16:18  Stalker x2  
  136  16:19  Stalker x4  
  136  16:20  Stalker  
  136  16:21  Stalker x3  
  152  16:57  Stalker  
  152  16:58  Stalker x3  
  152  16:59  Stalker  
  152  17:00  Stalker x5  
  171  17:02  Colossus x2  
  165  18:16  Stalker x3  
  165  18:17  Stalker x5  
  165  18:18  Stalker x2  
Show
View Real Time Build Order
Export as new Build Order

A.I. 1 (Very Hard) Protoss 

Build Orders: Zealot Archon 

Get SALT Encoding   

  12  0:00  Probe  
  13  0:13  Probe  
  14  0:21  Pylon  
  14  0:25  Probe  
  15  0:39  Probe  
  16  0:47  Assimilator  
  16  0:50  Gateway  
  16  0:51  Probe  
  17  1:00  Pylon  
  17  1:04  Probe  
  18  1:16  Probe  
  19  1:28  Probe  
  20  1:39  Zealot  
  22  1:40  Probe, Cybernetics Core  
  23  1:52  Probe  
  24  2:04  Probe  
  24  2:07  Nexus  
  25  2:17  Gateway  
  25  2:26  Pylon  
  25  2:30  Zealot  
  25  2:33  Probe  
  25  2:36  Warp Gate  
  28  2:45  Probe, Assimilator  
  29  2:57  Probe  
  29  2:58  Adept  
  32  3:05  Adept  
  34  3:09  Probe, Pylon  
  35  3:21  Probe  
  35  3:22  Probe  
  35  3:24  Stalker  
  39  3:34  Probe x2  
  41  3:45  Robotics Facility  
  41  3:46  Probe  
  42  3:49  Adept  
  42  3:51  Probe  
  45  3:58  Probe, Adept  
  48  4:03  Probe  
  49  4:10  Probe  
  49  4:15  Probe  
  49  4:16  Adept  
  53  4:17  Pylon  
  53  4:22  Probe  
  54  4:27  Probe  
  55  4:32  Immortal  
  55  4:34  Probe  
  55  4:38  Pylon, Stalker  
  62  4:39  Probe  
  63  4:46  Probe  
  63  4:50  Stalker  
  63  4:51  Probe  
  67  4:57  Robotics Facility  
  67  4:58  Probe  
  68  5:01  Stalker  
  70  5:10  Probe  
  70  5:11  Probe, Immortal  
  76  5:15  Pylon  
  76  5:20  Pylon  
  76  5:26  Twilight Council  
  76  5:28  Sentry  
  78  5:36  Assimilator  
  78  5:37  Probe  
  78  5:42  Probe, Assimilator  
  80  5:50  Pylon  
  80  5:53  Gateway  
  80  5:58  Probe  
  80  5:59  Probe  
  80  6:04  Zealot  
  84  6:07  Templar Archives  
  84  6:10  Probe  
  85  6:11  Probe  
  85  6:16  Pylon  
  86  6:23  Probe  
  87  6:30  Stalker  
  89  6:34  Stalker  
  91  6:41  Pylon  
  91  6:44  Gateway  
  91  6:47  Stalker  
  91  6:53  High Templar, Forge  
  95  6:57  Sentry  
  95  6:59  Forge  
  97  7:09  Observer  
  97  7:10  Zealot  
  97  7:11  Warp Prism  
  97  7:14  Pylon  
  102  7:17  Psionic Storm  
  102  7:20  High Templar  
  104  7:25  Stalker  
  104  7:29  Photon Cannon  
  106  7:31  Pylon  
  106  7:32  High Templar  
  106  7:37  Archon  
  108  7:46  High Templar  
  110  7:51  Photon Cannon  
  110  7:57  Pylon  
  110  8:00  High Templar  
  110  8:01  Pylon  
  110  8:03  Archon  
  110  8:05  Pylon  
  112  8:11  Warp Prism  
  114  8:14  Pylon  
  114  8:16  High Templar  
  114  8:17  Photon Cannon  
  114  8:19  Photon Cannon  
  116  8:20  Nexus  
  116  8:21  Photon Cannon  
  116  8:23  Gateway  
  116  8:29  High Templar, Zealot  
  116  8:30  Archon  
  116  8:33  Zealot  
  121  8:48  High Templar  
  121  8:50  Zealot  
  121  8:51  Photon Cannon  
  121  8:53  Stalker  
  127  9:02  High Templar, Archon  
  129  9:12  Gateway  
  129  9:16  High Templar  
  131  9:24  Photon Cannon  
  131  9:30  High Templar, Zealot  
  135  9:32  Probe  
  135  9:33  Probe x2  
  135  9:36  Assimilator  
  135  9:37  Archon  
  135  9:38  Pylon  
  138  9:43  Assimilator  
  138  9:44  High Templar  
  138  9:45  Probe  
  141  9:46  Probe x2  
  141  9:48  Nexus  
  143  9:54  Archon  
  143  9:57  Photon Cannon, Probe, Zealot  
  143  9:58  High Templar, Probe x2  
  150  10:00  Pylon  
  150  10:01  Zealot  
  150  10:03  Zealot  
  150  10:06  Archon  
  150  10:07  Stalker  
  149  10:09  Probe  
  149  10:10  Probe  
  149  10:11  Probe  
  140  10:16  Zealot  
  140  10:17  High Templar  
  140  10:21  Probe  
  127  10:22  Probe, Zealot  
  127  10:23  Probe, Zealot  
  121  10:30  Sentry, Zealot  
  121  10:33  Probe  
  122  10:36  High Templar  
  122  10:37  Photon Cannon  
  122  10:42  Photon Cannon, Stalker  
  116  10:43  Zealot  
  112  10:50  Sentry, Adept  
  112  10:52  Zealot  
  106  11:01  Probe  
  106  11:02  Probe x2  
  106  11:03  Stalker  
  107  11:05  Stalker  
  107  11:09  Assimilator, Stalker  
  107  11:10  Sentry  
  107  11:11  Pylon  
  107  11:13  Stalker, Adept, Assimilator  
  109  11:24  Protoss Ground Weapons Level 1  
  103  11:26  Stalker  
  103  11:28  Adept  
  103  11:30  Protoss Ground Armor Level 1  
  103  11:32  Stalker  
  103  11:33  Photon Cannon, High Templar, Zealot  
  103  11:35  Pylon  
  103  11:39  Zealot  
  109  11:48  Sentry  
  109  11:49  Stalker  
  109  11:53  Adept  
  115  11:54  Sentry  
  115  11:56  Photon Cannon, Nexus  
  115  11:58  Photon Cannon  
  115  11:59  High Templar  
  119  12:06  High Templar, Archon  
  121  12:11  Stalker  
  121  12:12  Stalker  
  121  12:13  High Templar  
  127  12:18  High Templar  
  127  12:20  Archon  
  129  12:31  High Templar  
  129  12:34  Stalker  
  129  12:35  Zealot  
  135  12:37  Archon  
  135  12:39  Robotics Bay  
  135  12:54  Adept  
  135  12:56  Zealot  
  139  12:59  Zealot  
  139  13:01  Blink  
  139  13:02  Photon Cannon  
  139  13:04  Photon Cannon  
  139  13:05  Observer  
  142  13:08  Observer  
  143  13:14  Zealot  
  143  13:18  Probe, Assimilator  
  145  13:26  Colossus  
  145  13:27  Pylon  
  145  13:28  Nexus  
  145  13:29  Disruptor  
  145  13:30  Robotics Facility  
  145  13:31  Assimilator  
  154  13:41  Protoss Ground Weapons Level 2  
  154  13:44  Forge  
  154  13:49  Photon Cannon, Observer Gravitic Boosters  
  154  13:57  Pylon, Stalker  
  154  14:00  Stalker  
  158  14:04  Stalker  
  158  14:05  Disruptor  
  163  14:12  Stalker  
  163  14:15  Stalker  
  163  14:17  Disruptor  
  167  14:20  Colossus  
  167  14:21  Photon Cannon  
  176  14:33  Stargate  
  176  14:34  Adept  
  176  14:36  Adept  
  180  14:40  Disruptor  
  180  14:45  Pylon  
  183  14:46  Gravitic Drive  
  183  14:52  Colossus  
  183  14:54  Photon Cannon  
  183  14:57  Zealot, Stalker x2  
  183  14:59  Zealot  
  185  15:02  Resonating Glaives, Zealot  
  185  15:05  Sentry  
  144  15:17  Zealot  
  144  15:19  Zealot  
  144  15:20  Sentry, Adept  
  128  15:22  Stalker  
  128  15:28  Stalker  
  119  15:37  Stalker  
  119  15:39  Zealot  
  119  15:40  Zealot  
  115  15:43  Zealot  
  115  15:45  Adept  
  119  15:50  Stalker  
  101  15:59  Sentry  
  101  16:00  Zealot, Stalker  
  101  16:03  Zealot  
  91  16:05  Zealot  
  79  16:13  Probe, Adept  
  72  16:18  Probe  
  72  16:20  Probe, Zealot  
  72  16:22  Probe, Zealot  
  72  16:23  Probe, Stalker, Zealot  
  72  16:25  Zealot  
  69  16:31  Sentry  
  60  16:33  Sentry  
  60  16:39  Probe  
  61  16:40  Probe  
  61  16:41  Zealot  
  61  16:42  Pylon  
  61  16:43  Stalker  
  61  16:45  Stalker  
  61  16:46  Adept  
  70  16:54  Zealot  
  70  16:55  Probe x2  
  70  16:57  Adept  
  70  16:59  Probe  
  74  17:02  Probe, Stalker  
  63  17:17  Pylon  
  54  17:28  Adept  
  44  17:35  Stalker  
  44  17:36  Sentry  
  38  17:39  Probe  
  28  17:45  Pylon  
  17  18:06  Nexus  
Tags
 
Composition
Zealot Archon
League
Platinum
Matchup
PvP
Replay Pack
First 100 games
Spawn Locations
Cross Positions
Add a new tag
Caveats
  • Supply blocks, unpowered buildings, or Contaminate may cause inaccurate times.
  • Supply counts are checked every 10 seconds.